 Dungeon Crawl Stone Soup version 0.29.1-15-g9cfb28693d (webtiles) character file.

Game seed: 4504300965564286525

115942 Siegfriedson the Fighter (level 16, -3/134 HPs)
             Began as a Merfolk Ice Elementalist on Apr 1, 2023.
             Was the Champion of the Shining One.
             Slain by Asterion
             ... wielding a +1 antimagic demon whip
              (7 damage)
             ... on level 2 of the Spider Nest on Apr 2, 2023.
             The game lasted 05:08:05 (47080 turns).

Siegfriedson the Fighter (MfIE)                    Turns: 47080, Time: 05:08:05

Health: -3/134     AC: 13    Str: 14    XL:     16   Next: 70%
Magic:  9/48       EV: 19    Int: 14    God:    the Shining One [******]
Gold:   1548       SH:  7    Dex: 23    Spells: 15/35 levels left

rFire   + . .      SeeInvis .   b - +9 scimitar (spect)
rCold   + . .      Faith    .   H - +0 buckler
rNeg    + + +      Spirit   .   x - +2 robe {rC+ rF+}
rPois   +          Reflect  .   S - +0 hat {Will+}
rElec   .          Harm     .   z - +2 cloak
rCorr   .          Rampage  .   M - +2 pair of gloves
Will    ++...                   B - +2 pair of boots
Stlth   +.........              U - amulet "Byikue Olena" {Acrobat rN+++ MP+9 Str+6}
HPRegen 0.32/turn               w - ring of magical power
MPRegen 0.31/turn               I - ring of poison resistance

@: glowing
A: (nimble swimmer 2), mertail
a: Renounce Religion, Divine Shield, Cleansing Flame, Summon Divine Warrior,
Brand Weapon With Holy Wrath


You were on level 2 of the Spider Nest.
You worshipped the Shining One.
The Shining One was exalted by your worship.
You visited 5 branches of the dungeon, and saw 26 of its levels.

You collected 2384 gold pieces.
You spent 836 gold pieces at shops.

Inventory:

Hand Weapons
 a - a +4 falchion of holy wrath
 b - a +9 spectral scimitar (weapon)
 L - a +3 scimitar of flaming
Missiles
 d - 16 boomerangs (quivered)
 n - 7 poisoned darts
 u - 3 boomerangs of dispersal
 y - 6 throwing nets
 D - 5 atropa-tipped darts
Armour
 x - a +2 robe of resistance (worn)
 z - a +2 cloak (worn)
 B - a +2 pair of boots (worn)
 H - a +0 buckler (worn)
 M - a +2 pair of gloves (worn)
 R - a +2 robe of willpower
 S - a +0 hat of willpower (worn)
 W - a +2 robe of cold resistance
Jewellery
 e - a ring of positive energy
 l - an amulet of regeneration
 w - a ring of magical power (left hand)
 I - a ring of poison resistance (right hand)
 J - a ring of wizardry
 T - an amulet of magic regeneration
 U - the amulet "Byikue Olena" (around neck) {Acrobat rN+++ MP+9 Str+6}
   (You found it on level 12 of the Dungeon)

   [amulet of the acrobat]

   It increases your evasion while moving and waiting.
   Str:       It affects your strength (+6).
   rN:        It renders you almost immune to negative energy.
   MP:        It affects your magic capacity (+9).
Wands
 i - a wand of digging (8)
 p - a wand of roots (4)
 q - a wand of flame (1)
 A - a wand of charming (12)
 N - a wand of mindburst (3)
 O - a wand of quicksilver (6)
Scrolls
 c - 5 scrolls of teleportation
 f - a scroll of brand weapon
 h - 7 scrolls of poison
 j - a scroll of fear
 s - 4 scrolls of vulnerability
 v - 3 scrolls of magic mapping
 X - 3 scrolls of enchant weapon
 Y - 3 scrolls of identify
Potions
 g - 3 potions of brilliance
 k - 5 potions of attraction
 m - a potion of mutation
 o - 5 potions of magic
 r - a potion of invisibility
 C - 4 potions of heal wounds
 E - 6 potions of curing
 F - 2 potions of flight
 Q - 3 potions of resistance
Miscellaneous
 t - a tin of tremorstones (2/2)
 V - a box of beasts


   Skills:
 + Level 14.6 Fighting
 - Level 14.3 Long Blades
 - Level 1.5 Throwing
 - Level 9.5 Dodging
 - Level 3.8 Stealth
 - Level 6.4 Shields
 - Level 10.1 Spellcasting
 - Level 4.5 Hexes
 - Level 11.2 Ice Magic
 - Level 3.0 Air Magic
 - Level 13.0 Invocations
 - Level 10.0 Evocations


You had 15 spell levels left.
You knew the following spells:

 Your Spells              Type           Power      Damage    Failure   Level
a - Freeze                Ice            100%       1d11      1%          1
b - Frozen Ramparts       Ice            76%        1d12      1%          3
c - Ozocubu's Armour      Ice            38%        N/A       1%          3
d - Hailstorm             Conj/Ice       22%        3d7       13%         4
e - Tukima's Dance        Hex            19%        N/A       6%          3
f - Stone Arrow           Conj/Erth      14%        3d7       36%         3
g - Swiftness             Air            15%        N/A       12%         3

Your spell library contained the following spells:

 Spells                   Type           Power      Damage    Failure   Level
 Ensorcelled Hibernation  Hex/Ice        58%        N/A       1%          2
 Shock                    Conj/Air       44%        1d5       7%          1
 Ice Form                 Ice/Tmut       22%        N/A       13%         4
 Portal Projectile        Hex/Tloc       26%        N/A       16%         3
 Passwall                 Tmut/Erth      5%         N/A       21%         2
 Sublimation of Blood     Necr           7%         N/A       21%         2
 Airstrike                Air            7%         2d(2-18)  36%         4
 Animate Armour           Summ/Erth      14%        N/A       78%         4
 Animate Dead             Necr           7%         N/A       78%         4
 Petrify                  Tmut/Erth      7%         N/A       78%         4
 Blade Hands              Tmut           3%         N/A       98%         5
 Borgnjor's Vile Clutch   Necr/Erth      3%         N/A       98%         5
 Irradiate                Conj/Tmut      3%         3d12      98%         5
 Haunt                    Necr/Summ      3%         N/A       100%        7
 Infestation              Necr           3%         N/A       100%        8
 Lehudib's Crystal Spear  Conj/Erth      3%         10d3      100%        8


Dungeon Overview and Level Annotations

Branches:
Dungeon (15/15)            Temple (1/1) D:4            Lair (5/5) D:11
  Swamp (0/4) Lair:2       Spider (3/4) Lair:3        Slime (0/5) Lair:5
    Orc (2/2) D:11            Elf (0/3) Orc:2        Vaults (0/5) D:13
 Depths (0/4) D:15

Altars:
Ashenzari
Cheibriados
Dithmenos
Elyvilon
Fedhas
Gozag
Hepliaklqana
Kikubaaqudgha
Makhleb
Nemelex Xobeh
Okawaru
Qazlal
Ru
Sif Muna
Trog
Uskayaw
Vehumet
Wu Jian
Xom
Yredelemnul
Zin
The Shining One
Lugonu

Shops:
Orc:2 *!:=(

Portals:
Abyss: Lair:5
Trove: D:10 (give 13 potions of heal wounds)

Annotations:
Spider:2 Asterion


Innate Abilities, Weirdness & Mutations

((You are very nimble when in or above water. (Stealth+, EV+, Speed+++)))
Your lower body shifts to a powerful aquatic tail in water.


Message History

The wolf spider bites your +9 spectral scimitar.
Your spectral weapon shares its damage with you!
Your icy armour and frozen ramparts will break if you move.
Continue?
The wall freezes the wolf spider.
The wall freezes the redback.
The wall freezes the wolf spider.
You block the wolf spider's attack. The wolf spider bites you.
The wall freezes the green death but does no damage.
The green death barely misses you.
The wall freezes Asterion but does no damage.
Asterion hits you with a +1 antimagic demon whip!!
* * * LOW HITPOINT WARNING * * *
You feel your power leaking away. Asterion gores you.
* * * LOW HITPOINT WARNING * * *
The ghost moth stares at you.
You feel your power leaking away.
The wall freezes the pharaoh ant.
The wall freezes the wolf spider.
The wolf spider misses you. You block the wolf spider's attack.
The wall freezes the wolf spider.
The wolf spider hits you.
* * * LOW HITPOINT WARNING * * *
The wolf spider bites you but does no damage.
The wall freezes the redback.
You kill the redback!
The frozen ramparts melt away.
You climb upwards.
The green death disappears in a puff of smoke!
Your icy armour cracks and falls away as you move.
There is a stone staircase leading down here.
Okay, then.
Unknown command.
As you read the scroll of summoning, it crumbles to dust.
Wisps of shadow whirl around you...
Your culicivora dissolves into shadows!
Asterion completely misses you. Asterion closely misses you.
The wolf spider closely misses you. You block the wolf spider's attack.
Asterion attacks as you move away!
Asterion hits you with a +1 antimagic demon whip!!
* * * LOW HITPOINT WARNING * * *
You feel your power leaking away. Asterion gores you!
You die...

### ##############
#.###......#.....#
##.##.s..#.......##
##.....###.......##
#.....# #........##
##.s.B# #.........#
#.....###.........##
##..ss@.............#
#^.....H...^........#
##..................##
#.s##...##.........##
#.##....##.(.......#
##.#....###....##..#
#............###.##
#...........## #.####
#.##........####..#.#


You could see Asterion (fast), a wolf spider (ally target), a friendly radroach
(summoned), a friendly wolf spider (summoned), a friendly orb spider (summoned,
wandering), a friendly jumping spider (summoned) and a friendly tarantella
(summoned).

Vanquished Creatures
  Gastronok (D:8)
  An emperor scorpion (Spider:1)
  An entropy weaver (Spider:2)
  A spark wasp (Spider:1)
  An ettin (D:13)
  A dire elephant (D:15)
  A fire dragon (Lair:4)
  Fannar (Lair:3)
  Harold (D:13)
  14 hydras
  A radroach (Spider:1)
  2 boulder beetles
  The ghost of H0rd4k the Fighter, a journeyman OpAr of Gozag (Lair:1)
  A centaur warrior (D:14)
  2 catoblepae
  2 ogre magi (Orc:2)
  Erica (D:13)
  3 two-headed ogres
  9 death yaks
  4 thrashing horrors (Lair:5)
  An orc high priest (Orc:1)
  Nergalle (Lair:2)
  Amaemon (Lair:3)
  3 pharaoh ants
  A sun moth (Spider:1)
  5 orb spiders
  A lindwurm (Lair:5)
  3 steelbarb worms
  2 wizards (D:13)
  2 bog bodies (Lair:2)
  4 orc knights
  A necromancer (D:13)
  A wolf spider zombie (D:12)
  2 deep elf pyromancers
  6 ugly things
  8 orc sorcerers (Orc:2)
  2 wolf spiders (Spider:1)
  5 cyclopes
  A salamander (D:15)
  5 manticores
  4 centaur zombies (D:12)
  4 black mambas
  Joseph (D:8)
  9 elephants
  A gargoyle (D:11)
  11 cane toads
  An orange demon (Lair:3)
  2 torpor snails
  An unseen horror (D:12)
  3 demonic crawlers
  An efreet (D:14)
  A kobold demonologist (D:14)
  9 komodo dragons
  2 freezing wraiths
  4 rime drakes
  4 ancient zymes (Lair:5)
  A meliai (Lair:3)
  2 trolls (shapeshifter) (Lair:5)
  Grinder (D:3)
  5 polar bears
  3 hornets
  21 blink frogs
  A tarantella (shapeshifter) (D:13)
  5 trolls
  5 slime creatures (D:12)
  9 tarantellas
  Prince Ribbit (D:8)
  14 dream sheep
  9 jumping spiders
  Sigmund (D:2)
  11 culicivoras
  A culicivora (shapeshifter) (D:14)
  3 wyverns
  2 spriggans (Lair:5)
  2 wraiths (D:12)
  2 shadows
  9 small abominations (Lair:5)
  2 vampires (D:12)
  46 yaks
  A ynoxinul (Lair:5)
  Grum (D:8)
  9 basilisks
  2 chaos spawn (Lair:5)
  9 vampire mosquitoes
  Menkaure (D:7)
  29 redbacks
  An acid dragon (D:10)
  4 wargs
  A swamp worm (Lair:2)
  14 water moccasins
  2 ice beasts
  23 orc warriors
  4 black bears
  A wolf (shapeshifter) (Lair:5)
  10 ogres
  8 boggarts
  20 wolves
  2 centaurs
  2 phantoms
  A necrophage (D:5)
  A gnoll sergeant (D:9)
  8 bullfrogs
  6 scorpions
  4 wights (D:6)
  27 killer bees
  An electric eel (Lair:2)
  3 jellies
  4 howler monkeys
  9 orc priests
  3 hounds
  A gnoll bouda (D:6)
  An iguana (D:6)
  Ijyb (D:4)
  34 orc wizards
  20 gnolls
  5 adders
  5 shadow imps
  2 white imps
  3 ufetubi
  2 worms
  3 dart slugs
  62 orcs
  4 bats
  6 endoplasms
  6 giant cockroaches
  7 goblins
  8 hobgoblins
  6 jackals
  10 kobolds
  5 quokkas
  10 ball pythons
  3 frilled lizards
  8 rats
  A butterfly (D:6)
742 creatures vanquished.

Vanquished Creatures (collateral kills)
  A boulder beetle (Lair:3)
  An elephant (Lair:3)
2 creatures vanquished.

Vanquished Creatures (others)
  A cyclops (Orc:1)
  A dancing weapon (Orc:2)
  A bush (Lair:5)
  69 fungi
  39 plants
111 creatures vanquished.

Grand Total: 855 creatures vanquished

Notes
Turn   | Place    | Note
-------+----------+-------------------------------------------
     0 | D:1      | Siegfriedson the Merfolk Ice Elementalist began the quest
                  | for the Orb.
     0 | D:1      | Reached XP level 1. HP: 13/13 MP: 3/3
    19 | D:1      | Found a faded altar of an unknown god.
   402 | D:1      | Reached XP level 2. HP: 18/19 MP: 0/5
   724 | D:1      | Reached XP level 3. HP: 24/24 MP: 1/6
   883 | D:1      | Reached skill level 5 in Ice Magic
   938 | D:1      | Learned a level 3 spell: Frozen Ramparts
  1369 | D:2      | Noticed Sigmund
  1722 | D:2      | Reached XP level 4. HP: 27/30 MP: 2/7
  3032 | D:3      | Learned a level 3 spell: Ozocubu's Armour
  3698 | D:3      | Reached XP level 5. HP: 35/35 MP: 5/9
  4146 | D:3      | Reached skill level 1 in Throwing
  4569 | D:3      | Noticed Grinder
  4753 | D:3      | Found a burning altar of Makhleb.
  5157 | D:4      | Reached XP level 6. HP: 32/41 MP: 5/12
  5178 | D:4      | Noticed a black bear
  6204 | D:4      | Reached skill level 1 in Long Blades
  6314 | D:4      | Reached XP level 7. HP: 46/46 MP: 14/14
  6614 | D:4      | Found a staircase to the Ecumenical Temple.
  6627 | Temple   | Entered the Ecumenical Temple
  6627 | Temple   | Found a transporter.
  6627 | Temple   | Found a transporter.
  6629 | Temple   | Found a transporter.
  6629 | Temple   | Found a transporter.
  6783 | D:4      | Reached skill level 5 in Long Blades
  7083 | D:5      | Entered Level 5 of the Dungeon
  7199 | D:5      | Reached skill level 1 in Fighting
  7231 | D:5      | Noticed Ijyb
  7255 | D:4      | Killed Ijyb
  7522 | D:5      | Reached XP level 8. HP: 60/60 MP: 15/15
  7586 | D:5      | Found a shadowy altar of Dithmenos.
  8361 | D:5      | Found an opulent altar of Gozag.
  8941 | D:2      | Killed Sigmund
  9223 | D:3      | Killed Grinder
  9224 | D:3      | Reached XP level 9. HP: 33/65 MP: 16/16
  9653 | D:6      | Found a hazy altar of Hepliaklqana.
  9693 | D:6      | Reached skill level 10 in Ice Magic
 10369 | D:6      | Reached skill level 5 in Dodging
 10789 | D:6      | Found a shimmering altar of Xom.
 10872 | D:6      | Found a sparkling altar of Nemelex Xobeh.
 10964 | D:6      | Found a snail-covered altar of Cheibriados.
 10968 | D:6      | Found a bloodstained altar of Trog.
 10969 | D:6      | Found an ancient bone altar of Kikubaaqudgha.
 11313 | D:7      | Noticed Menkaure
 11320 | D:7      | Killed Menkaure
 11651 | D:7      | Learned a level 4 spell: Hailstorm
 11986 | D:7      | Reached XP level 10. HP: 71/71 MP: 17/17
 11994 | D:7      | Reached skill level 5 in Spellcasting
 12370 | D:7      | Found a stormy altar of Qazlal.
 12463 | D:8      | Noticed Grum
 12479 | D:8      | Killed Grum
 12548 | D:8      | Noticed Prince Ribbit
 12549 | D:8      | Found an iron altar of Okawaru.
 12563 | D:8      | Killed Prince Ribbit
 12922 | D:8      | Noticed Joseph
 12930 | D:8      | Found a shimmering blue altar of Sif Muna.
 13006 | D:8      | Paralysed by a hornet for 1 turns
 13291 | D:8      | Found a white marble altar of Elyvilon.
 13434 | D:9      | Reached skill level 5 in Fighting
 13699 | D:9      | Noticed a two-headed ogre
 13725 | D:9      | Killed a two-headed ogre
 13821 | D:9      | Found a glowing silver altar of Zin.
 14196 | D:10     | Entered Level 10 of the Dungeon
 14292 | D:10     | Reached XP level 11. HP: 69/87 MP: 21/21
 14528 | D:10     | Found a portal to a secret trove of treasure.
 15037 | D:8      | Paralysed by a hornet for 3 turns
 15203 | D:8      | Killed Joseph
 15805 | D:8      | Noticed Gastronok
 16052 | D:10     | Noticed a two-headed ogre
 16078 | D:10     | Killed a two-headed ogre
 16381 | D:10     | Found a glowing golden altar of the Shining One.
 16488 | D:10     | Became a worshipper of the Shining One
 17035 | D:11     | Found a staircase to the Orcish Mines.
 17196 | D:11     | Reached skill level 1 in Evocations
 17220 | D:11     | Noticed a four-headed hydra
 18537 | D:11     | Killed a nine-headed hydra
 18538 | D:11     | Reached skill level 5 in Evocations
 19280 | D:11     | Found a staircase to the Lair.
 19371 | D:11     | Noticed a four-headed hydra
 19376 | D:11     | Killed an eight-headed hydra
 19377 | D:11     | Reached XP level 12. HP: 90/96 MP: 22/22
 19697 | D:12     | Reached * piety under the Shining One
 19866 | Lair:1   | Entered Level 1 of the Lair of Beasts
 20176 | Lair:1   | Got Gyjueruc's Precepts of Icy Left-Handed Rites
 20435 | Lair:1   | Noticed H0rd4k's ghost (journeyman OpAr)
 20446 | Lair:1   | Found a runed translucent gate.
 20446 | Lair:1   | Found a runed translucent gate.
 20446 | Lair:1   | Found a runed translucent gate.
 20509 | Lair:1   | Noticed a seven-headed hydra
 20559 | Lair:1   | Reached skill level 10 in Evocations
 20590 | Lair:1   | Identified the +9 longbow "Ofallag" {venom, Int+4 Dex+3}
 21769 | D:8      | Killed Gastronok
 22226 | Lair:2   | Identified the +6 sling "Iheliuh" {venom, rElec rCorr
                  | Int+4}
 22226 | Lair:2   | Noticed a four-headed hydra
 22240 | Lair:2   | Killed a ten-headed hydra
 22329 | Lair:2   | Noticed Nergalle
 22336 | Lair:2   | Killed Nergalle
 22560 | Lair:2   | Killed an 11-headed hydra
 22795 | Lair:2   | Reached skill level 10 in Spellcasting
 22795 | Lair:2   | Reached XP level 13. HP: 81/101 MP: 27/27
 23228 | Lair:2   | Found a staircase to the Swamp.
 23507 | Lair:3   | Found a hole to the Spider Nest.
 23611 | Lair:3   | Reached ** piety under the Shining One
 23789 | Orc:1    | Entered Level 1 of the Orcish Mines
 24439 | Orc:1    | Learned a level 3 spell: Tukima's Dance
 24500 | Orc:1    | Reached skill level 1 in Hexes
 25280 | Orc:2    | Entered Level 2 of the Orcish Mines
 25332 | Orc:2    | Found a staircase to the Elven Halls.
 25334 | Orc:2    | Found Wuasium's General Store.
 25827 | Orc:2    | Reached skill level 10 in Long Blades
 26973 | Orc:2    | Found Davvor's Distillery.
 27052 | Orc:2    | Bought a potion of heal wounds for 60 gold pieces
 27052 | Orc:2    | Bought a potion of curing for 36 gold pieces
 27728 | D:12     | Identified the amulet "Byikue Olena" {Acrobat rN+++ MP+9
                  | Str+6}
 27758 | D:11     | Learned a level 3 spell: Stone Arrow
 28274 | D:12     | Found a sacrificial altar of Ru.
 28972 | D:13     | Noticed Erica
 28972 | D:13     | Reached *** piety under the Shining One
 28972 | D:13     | Noticed Harold
 29140 | Lair:3   | Reached XP level 14. HP: 108/108 MP: 28/28
 29919 | Lair:3   | Noticed Fannar
 29966 | Lair:3   | Noticed Amaemon
 30135 | Orc:2    | Learned a level 3 spell: Swiftness
 30165 | Orc:2    | Found an ancient bone altar of Kikubaaqudgha.
 30196 | Orc:2    | Reached skill level 1 in Air Magic
 30235 | Orc:2    | Found Veniem's Book Shop.
 30388 | Orc:2    | Found a radiant altar of Vehumet.
 30566 | Orc:2    | Reached skill level 5 in Invocations
 30583 | Orc:2    | Found Bahot's Antique Weapon Boutique.
 30590 | Orc:2    | Found Xevatwad's Jewellery Shop.
 30601 | Orc:2    | Bought a ring of poison resistance for 300 gold pieces
 31053 | Lair:3   | Killed Fannar
 32490 | Lair:3   | Found a hole to the Spider Nest.
 32594 | Lair:3   | Killed Amaemon
 33117 | Lair:4   | Found a glowing silver altar of Zin.
 33135 | Lair:4   | Reached skill level 10 in Fighting
 34555 | Lair:5   | Entered Level 5 of the Lair of Beasts
 34773 | Lair:5   | Found a staircase to the Slime Pits.
 34802 | Lair:5   | Reached **** piety under the Shining One
 34906 | Lair:5   | Reached XP level 15. HP: 120/120 MP: 29/29
 35717 | Orc:2    | Bought a tin of tremorstones (2/2) for 440 gold pieces
 36603 | Lair:5   | Identified the +3 glaive of Valiance {pain, Will+}
 36883 | Lair:5   | Reached ***** piety under the Shining One
 37163 | Lair:5   | Found a corrupted altar of Lugonu.
 37163 | Lair:5   | Found a one-way gate to the infinite horrors of the Abyss.
 37168 | Lair:5   | Identified the +1 ring mail "Xaoth" {Contam rCorr Str+9}
 38230 | D:13     | Found a gate to the Vaults.
 38455 | D:13     | Killed Erica
 38640 | D:13     | Killed Harold
 39160 | D:14     | Found a stormy altar of Qazlal.
 39164 | D:14     | Reached skill level 10 in Invocations
 40140 | D:15     | Entered Level 15 of the Dungeon
 40604 | D:15     | Reached XP level 16. HP: 134/134 MP: 30/30
 41488 | D:15     | Found a staircase to the Depths.
 42264 | Lair:1   | Killed H0rd4k's ghost
 42350 | Spider:1 | Entered Level 1 of the Spider Nest
 42385 | Spider:1 | Reached skill level 1 in Shields
 43409 | Spider:1 | Reached skill level 5 in Shields
 46245 | Spider:2 | Reached ****** piety under the Shining One
 47059 | Spider:3 | Noticed Asterion
 47080 | Spider:2 | HP: 4/134 [Asterion/+1 antimagic demon whip (21)]
 47080 | Spider:2 | Slain by Asterion

Illustrated notes

Levels and vault maps discovered:
D:1:      ncdulo_wetmaze, layout_loops_ring, ebering_ecumenical_altar_hall,
          st_stairs_13, chequers_serial_rivers_micro_a
D:2:      layout_basic, uniq_sigmund
D:3:      layout_loops_ring, mainiacjoe_overflow_alcove_1, st_stairs_5,
          uniq_grinder
D:4:      layout_rooms, minmay_temple_entry_glassed_door,
          minmay_splitting_lines, dreamdust_gnoll_farm
D:5:      layout_basic, grunt_gozag_breadcrumbs, nicolae_dithmenos_the_darkroom,
          minivault_14, chequers_arboretum, uniq_ijyb
D:6:      layout_cave_pools, mainiacjoe_overflow_chevrons, xom_butterflies,
          nemelex_spade_bored_becter, minitemple
D:7:      layout_basic, nicolae_overflow_hidden_temple, uniq_menkaure
D:8:      layout_gridville, mainiacjoe_overflow_paths, kennysheep_little_box,
          old_standard_altar, uniq_grum, uniq_prince_ribbit1, uniq_gastronok,
          uniq_joseph
D:9:      layout_rooms, mainiacjoe_overflow_alcove_4,
          hangedman_decor_clover_reticule
D:10:     layout_big_octagon, mainiacjoe_overflow_24_doors, enter_trove_2,
          minmay_statues_item, minmay_circle_x
D:11:     layout_loops_cross, grunt_lair_entry_orc_guard_hut
D:12:     layout_long_grid, serial_undead, serial_undead_d, serial_undead_a,
          serial_undead_f, serial_undead_d, hangedman_ru_absence
D:13:     layout_loops_ring, david_vaults_4, sword_in_stone
D:14:     layout_loops_ring, grunt_qazlal_clouds
D:15:     hangedman_depths_entry_try_elsewhere_first, layout_grid_maze,
          minmay_misc_feat_enclosed
Temple:   hellmonk_temple_divided_pantheon
Lair:1:   layout_loops_ring, gammafunk_ghost_split, beast_lair_carwin_10,
          serial_bayou_shore_b, uniq_harold
Lair:2:   layout_cave_shapes, nicolae_swamp_entry_splash_gauntlet,
          serial_bayou_pond_d, uniq_nergalle
Lair:3:   layout_roguey, hellmonk_spider_entry_not_the_bees, minivault_23,
          chequers_serial_rivers_micro_b, chequers_serial_rivers_marsh,
          grunt_megastairs_3, lemuel_fruit_tree, infiniplex_staircase_pool,
          serial_bayou_shore_b, uniq_amaemon, uniq_fannar
Lair:4:   dragon1_lemuel, layout_regular_city, basic_altar
Lair:5:   hellmonk_lair_end_abyssal_woods, layout_regular_city, slime_entry_1
Spider:1: layout_spider_delve, hangedman_spider_tarantella_strand
Spider:2: layout_chambers
Spider:3: layout_spider_delve, drop_trap, nicolae_spider_not_touching_you,
          uniq_asterion
Orc:1:    layout_caves, hellmonk_guarded_unrand_dark_maul
Orc:2:    kennysheep_orc_mage_school, layout_caves, serial_shops, shop,
          special_room, mines5_lemuel

Skill      XL: |  1  2  3  4  5  6  7  8  9 10 11 12 13 14 15 16 |
---------------+-------------------------------------------------+-----
Stealth        | 3 |  3.8
Ice Magic      | 5 9 10 11 | 11.2
Spellcasting   | 3 4 7 10 | 10.1
Throwing       | 1 |  1.5
Long Blades    | 3 5 8 12 14 | 14.3
Fighting       | 4 8 9 11 14 | 14.6
Dodging        | 9 |  9.5
Evocations     | 7 10 | 10.0
Invocations    | 4 8 11 13 | 13.0
Hexes          | 4 |  4.5
Air Magic      | 3 |  3.0
Shields        | 6 |  6.4

Action                   |  1- 3 |  4- 6 |  7- 9 | 10-12 | 13-15 | 16-18 || total
-------------------------+-------+-------+-------+-------+-------+-------++-------
Melee: Short sword       |     4 |    32 |       |       |       |       ||    36
       Punch             |       |     1 |       |     5 |     9 |       ||    15
       Falchion          |       |    14 |   112 |       |       |       ||   126
       Scimitar          |       |       |    24 |   291 |   678 |   229 ||  1222
Throw: Boomerang         |    48 |    24 |    20 |       |    22 |     1 ||   115
       Dart              |       |    39 |    50 |    30 |    12 |       ||   131
       Javelin           |       |       |       |       |     2 |       ||     2
 Cast: Freeze            |    46 |    42 |    21 |       |       |       ||   109
       Frozen Ramparts   |     1 |    21 |    56 |    89 |    98 |    14 ||   279
       Ozocubu's Armour  |       |     1 |    19 |    53 |    42 |     4 ||   119
       Tukima's Dance    |       |       |       |       |     4 |       ||     4
       Hailstorm         |       |       |       |       |     1 |       ||     1
Invok: Divine Shield     |       |       |       |       |     3 |     2 ||     5
       Cleansing Flame   |       |       |       |       |     2 |       ||     2
       Summon Divine War |       |       |       |       |       |     1 ||     1
Evoke: Wand              |       |       |     2 |     2 |    11 |     3 ||    18
       Box of beasts     |       |       |       |       |     1 |       ||     1
       Tin of tremorston |       |       |       |       |     2 |     1 ||     3
  Use: Scroll            |       |     2 |     9 |    22 |    12 |     3 ||    48
       Potion            |       |       |     2 |     4 |     4 |     2 ||    12
 Stab: Distracted        |       |     1 |       |       |       |       ||     1
       Invisible         |       |       |       |     2 |       |       ||     2
Armor: Robe              |    10 |    17 |    26 |   135 |   143 |    49 ||   380
       Leather armour    |       |       |     3 |       |       |       ||     3
Dodge: Dodged            |    35 |    59 |   121 |   362 |   479 |   165 ||  1221
Block: Other             |       |       |       |       |     4 |       ||     4
       Buckler           |       |       |       |       |    12 |    50 ||    62
